 Dungeon Crawl Stone Soup version 0.29.1-1-gd02db6906a (webtiles) character file.

Game seed: 17778129810640991619

1101 QueenGhuleh the Poker (level 8, -1/102 HPs)
             Began as a Minotaur Berserker on Sept 29, 2022.
             Was an Elder of Trog.
             Slain by a killer bee (6 damage)
             ... on level 6 of the Dungeon on Oct 4, 2022.
             The game lasted 00:18:23 (6004 turns).

QueenGhuleh the Poker (Minotaur Berserker)          Turns: 6004, Time: 00:18:24

Health: -1/102     AC: 10    Str: 24    XL:     8   Next: 10%
Magic:  7/7        EV:  9    Int:  4    God:    Trog [****..]
Gold:   211        SH:  0    Dex: 10    Spells: 7/7 levels left

rFire   . . .      SeeInvis .   j - +0 halberd
rCold   . . .      Faith    .   (shield currently unavailable)
rNeg    . . .      Spirit   .   g - +0 chain mail
rPois   .          Reflect  .   (helmet restricted)
rElec   .          Harm     .   (no cloak)
rCorr   .          Rampage  .   (no gloves)
Will    .....                   (no boots)
Stlth   ..........              (no amulet)
HPRegen 0.27/turn               (no ring)
MPRegen 0.10/turn               (no ring)

@: berserking, lethally poisoned (-1 -> -22), very quick
A: horns 2, retaliatory headbutt
a: Renounce Religion, Berserk, Trog's Hand, Brothers in Arms


You were on level 6 of the Dungeon.
You worshipped Trog.
Trog was greatly pleased with you.
You visited 1 branch of the dungeon, and saw 6 of its levels.

You collected 211 gold pieces.

Inventory:

Hand Weapons
 j - a +0 halberd (weapon)
Armour
 g - a +0 chain mail (worn)
Jewellery
 x - a ring of positive energy
Wands
 m - a wand of polymorph (5)
 t - a wand of iceblast (9)
 u - a wand of paralysis (5)
Scrolls
 a - a scroll of silence {unknown}
 b - 3 scrolls of immolation {unknown}
 c - 6 scrolls of teleportation {unknown}
 e - 3 scrolls of noise {unknown}
 l - 4 scrolls of identify {unknown}
 o - a scroll of magic mapping {unknown}
 p - a scroll of fear {unknown}
 r - a scroll of torment {unknown}
 s - a scroll of acquirement {unknown}
 v - a scroll of butterflies {unknown}
 w - a scroll of enchant weapon {unknown}
 y - a scroll of brand weapon {unknown}
Potions
 d - 2 potions of brilliance {unknown}
 f - 2 potions of haste
 h - 4 potions of curing
 i - 2 potions of mutation {unknown}
 k - 4 potions of attraction {unknown}
 n - a potion of heal wounds {unknown}
 q - a potion of degeneration {unknown}


   Skills:
 + Level 5.3 Fighting
 + Level 5.3(7.2) Axes
 + Level 7.4(8.2) Polearms
 + Level 6.1 Armour
 + Level 3.2 Dodging
 + Level 0.6 Stealth


You had 7 spell levels left.
You didn't know any spells.
Your spell library was empty.

Dungeon Overview and Level Annotations

Branches:
Dungeon (6/15)             Temple (0/1) D:6

Altars:
Elyvilon


Innate Abilities, Weirdness & Mutations

You have a pair of horns on your head.
You reflexively headbutt those who attack you in melee.


Message History

You are too injured to fight recklessly!
A red film seems to cover your vision as you go berserk!
You feel yourself moving faster!
You feel mighty!
You feel very sick.
The killer bee stings you but does no damage.
The killer bee stings you!
* * * LOW HITPOINT WARNING * * *
You are lethally poisoned!
The killer bee poisons you! The killer bee barely misses you.
The killer bee stings you but does no damage.
You barely miss the killer bee.
The killer bee is moderately wounded.
* * * LOW HITPOINT WARNING * * *
You feel very sick.
The killer bee stings you but does no damage.
The killer bee barely misses you.
You miss the killer bee.
The killer bee is moderately wounded.
* * * LOW HITPOINT WARNING * * *
You feel very sick.
The killer bee stings you but does no damage.
The killer bee stings you.
* * * LOW HITPOINT WARNING * * *
The killer bee closely misses you. You furiously retaliate!
You headbutt the killer bee.
The killer bee stings you but does no damage.
You barely miss the killer bee.
The killer bee is severely wounded.
* * * LOW HITPOINT WARNING * * *
You feel very sick. The killer bee closely misses you.
The killer bee stings you but does no damage.
You barely miss the killer bee.
The killer bee is severely wounded.
* * * LOW HITPOINT WARNING * * *
You feel sick. The killer bee stings you.
* * * LOW HITPOINT WARNING * * *
You are more poisoned.
The killer bee poisons you! The killer bee stings you.
You die...

##.#...
............#
#....#.
............#
##.####'
...!........
#..# #[.
.........$.
##.## #..
..........
#..# ###
.........
##.##
......y†#
#..# #y@####
##.##
###..>###..#
###.....##
##### ###...#
#.... ###.#
#...# #.##
#.... ##.#
#..##
#.####....
##.##...##


You could see 2 killer bees.

Vanquished Creatures
  2 black bears
  A phantom (D:5)
  Blork the orc (D:4)
  A killer bee (D:6)
  5 hounds
  2 orc priests
  A jelly (D:5)
  2 iguanas (D:6)
  Ijyb (D:4)
  2 orc wizards
  3 gnolls (D:2)
  16 adders
  4 river rats (D:4)
  A white imp (D:5)
  An ufetubus (D:5)
  7 worms
  A dart slug (D:5)
  13 orcs
  5 ball pythons
  4 endoplasms
  3 giant cockroaches
  5 goblins
  8 hobgoblins
  9 jackals
  7 quokkas
  4 bats
  2 frilled lizards
  9 kobolds
  29 rats
149 creatures vanquished.

Vanquished Creatures (others)
  A quokka (D:3)
  4 withered plants (D:2)
5 creatures vanquished.

Grand Total: 154 creatures vanquished

Notes
Turn   | Place    | Note
-------+----------+-------------------------------------------
     0 | D:1      | QueenGhuleh the Minotaur Berserker began the quest for the
                  | Orb.
     0 | D:1      | Reached XP level 1. HP: 19/19 MP: 0/0
   136 | D:1      | Reached XP level 2. HP: 20/27 MP: 1/1
   733 | D:1      | Reached ** piety under Trog
   923 | D:2      | Found a faded altar of an unknown god.
   930 | D:2      | Reached XP level 3. HP: 33/33 MP: 2/2
  1382 | D:2      | Reached skill level 5 in Axes
  1382 | D:2      | Reached XP level 4. HP: 36/40 MP: 3/3
  1780 | D:2      | Reached *** piety under Trog
  2076 | D:3      | Reached skill level 1 in Polearms
  2244 | D:3      | Reached XP level 5. HP: 47/47 MP: 4/4
  2646 | D:3      | Reached skill level 2 in Polearms
  2709 | D:3      | Found a white marble altar of Elyvilon.
  3163 | D:4      | Noticed a black bear
  3168 | D:4      | Killed a black bear
  3169 | D:4      | Reached skill level 3 in Polearms
  3169 | D:4      | Reached XP level 6. HP: 53/53 MP: 5/5
  3190 | D:4      | Identified the +0 war axe of Ishaisuh {elec, +Blink Dex+2}
  3371 | D:4      | Noticed Blork the orc
  3382 | D:4      | Killed Blork the orc
  3382 | D:4      | Reached **** piety under Trog
  3383 | D:4      | Reached skill level 4 in Polearms
  3747 | D:4      | Noticed Ijyb
  3752 | D:4      | Killed Ijyb
  4381 | D:5      | Entered Level 5 of the Dungeon
  4403 | D:5      | Reached skill level 5 in Polearms
  4450 | D:5      | Reached XP level 7. HP: 48/60 MP: 6/6
  4545 | D:5      | Reached skill level 5 in Fighting
  4619 | D:5      | Reached skill level 6 in Polearms
  5130 | D:5      | Reached skill level 5 in Armour
  5521 | D:6      | Found a staircase to the Ecumenical Temple.
  5526 | D:6      | Reached skill level 7 in Polearms
  5608 | D:6      | Reached XP level 8. HP: 29/68 MP: 7/7
  6004 | D:6      | HP: 5/102 [killer bee (1)]
  6004 | D:6      | Slain by a killer bee

Illustrated notes

Levels and vault maps discovered:
D:1:      dpeg_arrival_rooms_c, layout_loops_cross
D:2:      layout_loops_ring, ebering_ecumenical_altar_petrified,
          minmay_misc_feat_iff, minmay_rat_hole
D:3:      minmay_inner_zag, layout_basic, elyvilon_altar_4, fountainhead,
          chequers_serial_rivers_room_a
D:4:      layout_loops_ring, lightli_sewer_entry_pipes, uniq_ijyb,
          uniq_blork_the_orc
D:5:      layout_basic, grunt_ministairs_13, nrook_mini_backslash
D:6:      layout_cave_pods, minmay_temple_entry_ruins, minivault_10

Skill      XL: |  1  2  3  4  5  6  7  8 |
---------------+-------------------------+-----
Axes           | 4 5 |  5.3
Fighting       | 4 5 |  5.3
Dodging        | 3 |  3.2
Polearms       | 1 3 5 7 |  7.4
Armour         | 3 4 5 6 |  6.1
Stealth        | |  0.6

Action                   |  1- 3 |  4- 6 |  7- 9 || total
-------------------------+-------+-------+-------++-------
Melee: Hand axe          |    81 |     4 |       ||    85
       Headbutt          |    12 |    30 |    11 ||    53
       Halberd           |       |   232 |   105 ||   337
Invok: Berserk           |       |     1 |     3 ||     4
 Stab: Sleeping          |     1 |       |       ||     1
Armor: Animal skin       |    12 |       |       ||    12
       Chain mail        |     6 |   120 |    75 ||   201
Dodge: Dodged            |    54 |   103 |    64 ||   221
